 Dungeon Crawl Stone Soup version 0.16.1-28-gcc2312f (webtiles) character file.

120 Itholyth the Shield-Bearer (level 5, -2/32 HPs)
             Began as a Gargoyle Fighter on June 3, 2015.
             Killed by nerve-wracking pain
             ... invoked by Menkaure
              (9 damage)
             ... on level 4 of the Dungeon.
             The game lasted 00:36:56 (3479 turns).

Itholyth the Shield-Bearer (Gargoyle Fighter)       Turns: 3479, Time: 00:36:56

Health: -2/32      AC: 13    Str: 19    XL:     5   Next: 4%
Magic:  5/5        EV:  5    Int:  9    God:
Gold:   128        SH:  9    Dex: 10    Spells: 0 memorised, 4 levels left

rFire  + . .     SeeInvis .     x - +1 flail (holy)
rCold  x . .     Clarity  .     n - +0 chain mail
rNeg   + . .     SustAb   .     i - +0 shield
rPois  ∞         Gourm    .     (no helmet)
rElec  +         Spirit   .     (no cloak)
rCorr  .         Warding  .     (no gloves)
rMut   .         Stasis   .     (no boots)
MR     .....                    (no amulet)
Stlth  ..........               (no ring)
                                f - ring of fire

@: not resistant to hostile enchantments, extremely unstealthy
A: negative energy resistance 1, electricity resistance, unbreathing,
petrification resistance, rot immunity, AC +4
a: no special abilities


You were on level 4 of the Dungeon.
You were not hungry.

You visited 1 branch of the dungeon, and saw 4 of its levels.

You collected 128 gold pieces.

Inventory:

Hand weapons
 h - a +0 whip
 k - a +0 short sword of protection
 x - a +1 flail of holy wrath (weapon)
Missiles
 j - 147 stones
 p - 27 poisoned needles
 q - 2 tomahawks (quivered)
Armour
 i - a +0 shield (worn)
 n - a +0 chain mail (worn)
Jewellery
 f - a ring of fire (left hand)
Magical devices
 a - a wand of lightning (4)
 z - a wand of lightning (8)
Scrolls
 e - a scroll of teleportation {unknown}
 g - 2 scrolls of noise
 l - a scroll of identify
 m - 2 scrolls of enchant weapon {unknown}
 r - a scroll of fog {unknown}
 t - a scroll of amnesia {unknown}
 u - a scroll of remove curse {unknown}
 v - 2 scrolls of fear {unknown}
 y - a scroll of immolation {unknown}
Potions
 s - a potion of curing
Comestibles
 b - a slice of pizza
 c - 3 meat rations
 d - 2 bread rations
 o - a beef jerky
 w - 2 chunks of flesh


   Skills:
 - Level 3.6 Fighting
 * Level 3.9 Maces & Flails
 + Level 3.8 Armour
 + Level 4.0 Shields
 + Level 0.0 Evocations


You had 4 spell levels left.
You didn't know any spells.

Dungeon Overview and Level Annotations

Branches:
Dungeon (4/15)
 Temple: D:4-7

Altars:
Sif Muna

Annotations:
D:4 Menkaure


Innate Abilities, Weirdness & Mutations

You are resistant to torment.
You are immune to poison.
Your stone body is very resilient (AC +4).
You resist negative energy.
You are resistant to electric shocks.
You can survive without breathing.
You are immune to petrification.
You are immune to rotting.


Message History

The bolt of lightning hits Menkaure.
Menkaure is almost destroyed.
This wand has 4 charges left.
Wield which item (- for none, * to show all)? (? for menu, Esc to quit)
It softly glows with a divine radiance!
x - a +1 flail of holy wrath (weapon)
Menkaure barely misses you.
Your chain mail prevents you from hitting Menkaure.
Menkaure is almost destroyed.
Menkaure gestures at you while chanting.
Pain shoots through your body!
Menkaure gestures at you while chanting.
Pain shoots through your body!
You hit Menkaure but do no damage.
Menkaure is almost destroyed.
Menkaure hits you!
* * * LOW HITPOINT WARNING * * *
Menkaure gestures at you while chanting.
Pain shoots through your body!
You die...

.................######.#
##.##..................#
#.##...##.########## #
#...#### #...#####
##......# ######.# #.#
######@# #...M..#
#(###### #.# #.# #.# #.#
#M# #.#


You could see Menkaure.

Vanquished Creatures
  An iguana (D:4)
  A worm (D:3)
  3 orcs (D:3)
  3 ball pythons
  8 hobgoblins
  12 jackals
  13 kobolds
  A quokka (D:3)
  10 bats
  4 giant cockroaches
  2 giant geckos (D:1)
  10 goblins
  12 rats
80 creatures vanquished.

Notes
Turn   | Place    | Note
--------------------------------------------------------------
     0 | D:1      | Itholyth, the Gargoyle Fighter, began the quest for the Orb.
     0 | D:1      | Reached XP level 1. HP: 14/14 MP: 1/1
     6 | D:1      | Noticed an ettin
     6 | D:1      | Noticed a queen ant
     6 | D:1      | Noticed a komodo dragon
   246 | D:1      | Reached XP level 2. HP: 19/19 MP: 2/2
   640 | D:1      | Reached XP level 3. HP: 20/23 MP: 3/3
  1893 | D:2      | Reached XP level 4. HP: 26/28 MP: 4/4
  3171 | D:4      | Reached skill level 4 in Shields
  3171 | D:4      | Reached XP level 5. HP: 8/32 MP: 5/5
  3374 | D:4      | Found a deep blue altar of Sif Muna.
  3463 | D:4      | Noticed Menkaure
  3479 | D:4      | Killed from afar by Menkaure

Action                   |  1- 3 |  4- 6 || total
-------------------------+-------+-------++-------
Melee: Whip              |   310 |   145 ||   455
       Flail             |    16 |    23 ||    39
Throw: Stone             |     2 |     2 ||     4
       Tomahawk          |       |     7 ||     7
Evoke: Wand              |       |     2 ||     2
  Use: Potion            |     1 |     3 ||     4
       Scroll            |       |     3 ||     3
  Eat: Chunk             |     4 |     5 ||     9
